 Seeded DCSS version 0.29.1-15-g9cfb28693d (webtiles) character file.

Game seed: 10786124958312911374 (custom seed)

87 bmack86 the Shield-Bearer (level 4, -4/40 HPs)
             Began as a Minotaur Fighter on Mar 1, 2023.
             Slain by Sigmund
             ... wielding a +0 scythe
              (10 damage)
             ... on level 2 of the Dungeon.
             The game lasted 00:02:27 (1156 turns).

bmack86 the Shield-Bearer (Minotaur Fighter)        Turns: 1156, Time: 00:02:28

Health: -4/40      AC:  8    Str: 22    XL:     4   Next: 28%
Magic:  3/3        EV:  9    Int:  5    God:
Gold:   58         SH:  0    Dex: 10    Spells: 3/3 levels left

rFire   . . .      SeeInvis .   a - +0 war axe
rCold   . . .      Faith    .   c - +0 buckler
rNeg    . . .      Spirit   .   b - +0 scale mail
rPois   .          Reflect  .   (helmet restricted)
rElec   .          Harm     .   (no cloak)
rCorr   .          Rampage  .   (no gloves)
Will    .....                   n - +0 pair of boots
Stlth   ..........              (no amulet)
HPRegen 0.13/turn               (no ring)
MPRegen 0.08/turn               (no ring)

@: confused, mighty
A: horns 2, retaliatory headbutt
a: no special abilities


You were on level 2 of the Dungeon.
You visited 1 branch of the dungeon, and saw 2 of its levels.

You collected 58 gold pieces.

Inventory:

Hand Weapons
 a - a +0 war axe (weapon)
Armour
 b - a +0 scale mail (worn)
 c - a +0 buckler (worn)
 n - a +0 pair of boots (worn)
Scrolls
 e - 3 scrolls of poison {unknown}
 f - a scroll of fear {unknown}
 i - a scroll of blinking {unknown}
 j - a scroll of summoning {unknown}
 l - a scroll of enchant weapon {unknown}
 o - a scroll of noise {unknown}
Potions
 g - a potion of ambrosia {unknown}
 k - a potion of berserk rage {unknown}
 m - 3 potions of lignification
 p - a potion of curing {unknown}
 q - a potion of invisibility {unknown}
 r - a potion of brilliance
 s - a potion of resistance


   Skills:
 + Level 4.2 Fighting
 * Level 4.0 Axes
 + Level 4.2 Armour
 + Level 4.3 Shields


You had 3 spell levels left.
You didn't know any spells.
Your spell library contained the following spells:

 Spells                   Type           Power      Damage    Failure   Level
 Freeze                   Ice            0%         1d3       87%         1
 Frozen Ramparts          Ice            0%         1d1       99%         3
 Hailstorm                Conj/Ice       0%         3d3       100%        4
 Summon Ice Beast         Ice/Summ       0%         N/A       100%        4
 Summon Mana Viper        Hex/Summ       0%         N/A       100%        5
 Monstrous Menagerie      Summ           0%         N/A       100%        7


Dungeon Overview and Level Annotations

Branches:
Dungeon (2/15)

Altars:

Annotations:
D:2 Sigmund


Innate Abilities, Weirdness & Mutations

You have a pair of horns on your head.
You reflexively headbutt those who attack you in melee.


Message History

You bump into the rock wall.
Sigmund hits you but does no damage.
You bump into the rock wall.
Sigmund hits you with a +0 scythe.
Sigmund hits you from afar with a +0 scythe.
Sigmund casts a spell at you. You resist with some effort.
Sigmund hits you with a +0 scythe!
You bump into the rock wall.
You feel less confused.
Sigmund's eyes start glowing with a red light.
You block Sigmund's attack.
You hit Sigmund.
Sigmund is lightly wounded.
Sigmund hits you with a +0 scythe!
You barely miss Sigmund.
Sigmund is lightly wounded.
Sigmund hits you but does no damage.
You closely miss Sigmund. You headbutt Sigmund.
Sigmund is lightly wounded.
Sigmund hits you with a +0 scythe!
* * * LOW HITPOINT WARNING * * *
Sigmund points at you and mumbles some strange words.
You are confused.
You bump into the rock wall.
Sigmund points at you and mumbles some strange words.
The puff of flame misses you.
You bump into the rock wall.
Sigmund points at you and mumbles some strange words.
The magic dart hits you but does no damage.
Sigmund gestures at you while chanting.
You are more confused.
Sigmund hits you from afar with a +0 scythe.
* * * LOW HITPOINT WARNING * * *
Sigmund closely misses you.
Okay, then.
You feel very mighty all of a sudden. Sigmund misses you.
Sigmund hits you from afar with a +0 scythe.
* * * LOW HITPOINT WARNING * * *
Sigmund misses you. Sigmund attacks as you move away!
Sigmund hits you with a +0 scythe!
You die...

#.####.#......#..
##....#.<###.###..
#...#.#..# #.# #..
#.#......# .# #..
###.#...##.....# #..
#...#...# ###### #..
#.#.....# #######..
#.#@##..# #..).)...
#.#@....##..........
#.#....###..........
#@##.### #..........
#....# #..........
###### ###........
#........ #........


You could see Sigmund (fast).

Vanquished Creatures
  Terence (D:2)
  A gnoll (D:1)
  A worm (D:2)
  3 dart slugs (D:1)
  4 endoplasms (D:1)
  5 hobgoblins
  4 kobolds
  2 quokkas
  5 ball pythons (D:1)
  8 bats (D:1)
  2 frilled lizards (D:2)
  2 goblins (D:1)
  4 rats (D:1)
42 creatures vanquished.

Notes
Turn   | Place    | Note
-------+----------+-------------------------------------------
     0 | D:1      | bmack86 the Minotaur Fighter began the quest for the Orb.
     0 | D:1      | Reached XP level 1. HP: 19/19 MP: 0/0
   218 | D:1      | Reached XP level 2. HP: 27/27 MP: 1/1
   367 | D:1      | Reached XP level 3. HP: 25/33 MP: 2/2
  1011 | D:2      | Noticed Terence
  1022 | D:2      | Killed Terence
  1023 | D:2      | Reached XP level 4. HP: 34/40 MP: 3/3
  1130 | D:2      | Noticed Sigmund
  1156 | D:2      | Slain by Sigmund

Illustrated notes

Levels and vault maps discovered:
D:1:      shiori_arrival_elements, layout_basic
D:2:      wander_river, layout_basic, pf_guarded_unrand_woodcutter,
          uniq_sigmund, uniq_terence

Skill      XL: |  1  2  3  4 |
---------------+-------------+-----
Axes           | 3 4 |  4.0
Fighting       | 4 |  4.2
Armour         | 4 |  4.2
Shields        | 4 |  4.3

Action                   |  1- 3 |  4- 6 || total
-------------------------+-------+-------++-------
Melee: War axe           |    63 |    12 ||    75
       Headbutt          |     5 |     1 ||     6
  Use: Scroll            |       |     3 ||     3
       Potion            |       |     1 ||     1
Armor: Scale mail        |    57 |     5 ||    62
Dodge: Dodged            |    47 |     8 ||    55
Block: Buckler           |    30 |     2 ||    32
